General information
- name: BNet
- type: Ladder 1vs1/FFA
- host: Battle.net
- saver: FlappingTerror
map: PlunderIsle
- players: 2
- length: 25:26
- speed: Fast
- version: 1.26 W3XP
- replay type: Public
» download(71 KB)
Players
team 1 (loser)
morbidparsnip (
green | 51 APM | 1296 actions | 25:24)
5 Demon Hunter
3 Mana Burn
2 Evasion
3 Priestess of the Moon
2 Trueshot Aura
1 Searing Arrows
» actions
| Assign group hotkey | 36 | |
| Basic commands | 41 | |
| Build / train | 78 | |
| ESC pressed | 4 | |
| Enter build submenu | 22 | |
| Enter hero's abilities submenu | 8 | |
| Give item / drop item | 4 | |
| Right click | 359 | |
| Select / deselect | 311 | |
| Select group hotkey | 338 | |
| Use ability | 95 | |
1296 total
» units
| Wisp | 28 | |
| Archer | 5 | |
| Dryad | 5 | |
| Druid of the Claw | 3 | |
| Faerie Dragon | 1 | |
| Hippogryph | 2 | |
| Mountain Giant | 2 | |
| Druid of the Talon | 2 | |
| Glaive Thrower | 1 | |
49 total
» upgrades
| Ultravision | 1 | |
| Druid of the Claw Training | 2 | |
| Mark of the Claw | 1 | |
| Abolish Magic | 1 | |
| Hardened Skin | 1 | |
| Resistant Skin | 1 | |
| Strength of the Wild | 1 | |
| Reinforced Hides | 1 | |
| Druid of the Talon Training | 1 | |
| Nature's Blessing | 1 | |
11 total
» buildings
| Altar of Elders | 1 | |
| Moon Well | 8 | |
| Ancient of War | 1 | |
| Tree of Ages | 1 | |
| Hunter's Hall | 1 | |
| Tree of Eternity | 1 | |
| Tree of Life | 3 | |
| Ancient of Lore | 2 | |
| Ancient Protector | 3 | |
| Ancient of Wonders | 1 | |
| Ancient of Wind | 1 | |
23 total
» build order
00:06 Altar of Elders
00:07 Moon Well
00:37 Ancient of War
01:33 Moon Well
03:07 Tree of Ages
03:25 Hunter's Hall
05:10 Moon Well
05:32 Tree of Eternity
05:44 Tree of Life
06:35 Ancient of Lore
06:39 Ancient of Lore
06:57 Ancient Protector
07:41 Ancient of Wonders
09:28 Moon Well
09:52 Ancient of Wind
10:35 Moon Well
11:20 Ancient Protector
11:25 Moon Well
12:10 Moon Well
12:23 Ancient Protector
14:58 Moon Well
20:44 Tree of Life
21:32 Tree of Life
» items
| Boots of Speed | 1 | |
| Orb of Venom | 1 | |
| Potion of Healing | 3 | |
| Staff of Preservation | 1 | |
6 total
team 2 (winner)
FlappingTerror (
blue | 77 APM | 1969 actions | 25:26)
8 Warden
3 Fan of Knives
3 Blink
2 Shadow Strike
» actions
| Assign group hotkey | 173 | |
| Basic commands | 13 | |
| Build / train | 123 | |
| Enter build submenu | 65 | |
| Enter hero's abilities submenu | 8 | |
| Give item / drop item | 5 | |
| Remove unit from queue | 15 | |
| Right click | 880 | |
| Select / deselect | 341 | |
| Select group hotkey | 141 | |
| Use ability | 205 | |
1969 total
» units
| Wisp | 61 | |
| Archer | 12 | |
| Chimaera | 4 | |
| Hippogryph | 4 | |
81 total
» upgrades
| Well Spring | 1 | |
| Nature's Blessing | 1 | |
| Corrosive Breath | 1 | |
| Strength of the Wild | 2 | |
| Reinforced Hides | 2 | |
7 total
» buildings
| Moon Well | 23 | |
| Altar of Elders | 2 | |
| Ancient of War | 1 | |
| Tree of Ages | 1 | |
| Hunter's Hall | 2 | |
| Tree of Life | 3 | |
| Ancient Protector | 34 | |
| Tree of Eternity | 1 | |
| Ancient of Wonders | 1 | |
| Ancient of Wind | 2 | |
| Chimaera Roost | 2 | |
72 total
» build order
00:07 Moon Well
00:43 Altar of Elders
01:07 Altar of Elders
01:09 Ancient of War
01:17 Moon Well
01:57 Moon Well
02:16 Moon Well
04:06 Tree of Ages
04:22 Moon Well
05:19 Hunter's Hall
05:23 Moon Well
06:19 Moon Well
06:20 Moon Well
06:26 Tree of Life
06:35 Hunter's Hall
07:57 Ancient Protector
07:58 Ancient Protector
08:03 Ancient Protector
08:03 Ancient Protector
08:42 Moon Well
09:53 Tree of Eternity
10:00 Moon Well
10:00 Moon Well
10:00 Moon Well
10:31 Moon Well
10:31 Moon Well
10:33 Moon Well
10:33 Moon Well
10:33 Moon Well
10:34 Moon Well
11:39 Moon Well
11:40 Moon Well
11:41 Moon Well
11:45 Moon Well
11:58 Ancient of Wonders
12:06 Ancient of Wind
13:12 Ancient Protector
13:15 Ancient Protector
13:16 Ancient Protector
13:24 Ancient Protector
13:27 Ancient Protector
13:29 Ancient Protector
13:34 Chimaera Roost
13:36 Chimaera Roost
14:48 Ancient of Wind
14:57 Ancient Protector
15:00 Ancient Protector
15:01 Ancient Protector
15:02 Ancient Protector
15:32 Ancient Protector
15:35 Ancient Protector
17:32 Ancient Protector
17:33 Ancient Protector
17:33 Ancient Protector
17:33 Ancient Protector
17:34 Ancient Protector
19:27 Tree of Life
19:31 Ancient Protector
19:31 Ancient Protector
19:31 Ancient Protector
19:32 Ancient Protector
19:35 Ancient Protector
19:37 Ancient Protector
19:39 Ancient Protector
21:51 Tree of Life
22:03 Ancient Protector
22:04 Ancient Protector
22:04 Ancient Protector
22:05 Ancient Protector
22:07 Ancient Protector
» items
| Boots of Speed | 1 | |
| Periapt of Vitality | 1 | |
| Scroll of Town Portal | 3 | |
| Staff of Teleportation | 1 | |
| Potion of Invisibility | 2 | |
| Orb of Venom | 1 | |
9 total
Chat log
(00:14 / All) FlappingTerror: I am the terror that flaps in the night!
(20:35 / All) FlappingTerror: it's amazing how little mana that requuires
(23:38 / All) FlappingTerror: and don't even ahve tp aim it wow!
(24:57 / All) FlappingTerror: gg